 Dungeon Crawl Stone Soup version 0.24-a0-639-gb70a11d811 (webtiles) character file.

Game seed: 7121034977980050775, levelgen mode: deterministic

349 Kohma the Slinger (level 6, -3/41 HPs)
             Began as a Halfling Hunter on Sept 21, 2019.
             Was a Follower of Nemelex Xobeh.
             Killed from afar by an orc wizard (12 damage)
             ... with a puff of flame
             ... on level 4 of the Dungeon.
             The game lasted 00:17:18 (4541 turns).

Kohma the Slinger (Halfling Hunter)                 Turns: 4541, Time: 00:17:19

Health: -3/41      AC:  6    Str: 13    XL:     6   Next: 92%
Magic:  6/6        EV: 14    Int:  9    God:    Nemelex Xobeh [*.....]
Gold:   205        SH:  0    Dex: 17    Spells: 5/5 levels left

rFire    . . .     SeeInvis .   b - +0 short sword
rCold    . . .     Gourm    .   w - +0 buckler
rNeg     . . .     Faith    .   q - +1 ring mail
rPois    .         Spirit   .   (no helmet)
rElec    .         Reflect  .   (no cloak)
rCorr    .         Harm     .   (no gloves)
MR       .....                  (no boots)
Stlth    ..........             (no amulet)
HPRegen  0.13/turn              (no ring)
MPRegen  0.10/turn              (no ring)

@: confused, lightly drained
A: small, mutation resistance 1
a: Draw Escape, Draw Destruction, Draw Summoning, Renounce Religion


You were on level 4 of the Dungeon.
You worshipped Nemelex Xobeh.
Nemelex Xobeh was aware of your devotion.
You were very hungry.

You visited 1 branch of the dungeon, and saw 5 of its levels.
You also visited: Sewer.

You collected 205 gold pieces.

Inventory:

Hand Weapons
 a - a +1 hunting sling
 b - a +0 short sword (weapon)
Missiles
 k - 122 stones (quivered)
Armour
 c - a +0 leather armour
 n - a +0 shield
 q - a +1 ring mail (worn)
 w - a +0 buckler (worn)
Wands
 x - a wand of disintegration (13)
Scrolls
 i - 3 scrolls of teleportation
 l - 2 scrolls of amnesia
 m - a scroll of remove curse
 t - a scroll of fear
Potions
 d - a potion of agility
 e - a potion of might {unknown}
 g - a potion of magic
 h - a potion of ambrosia
 j - 4 potions of flight
 o - a potion of curing {unknown}
 p - a potion of berserk rage {unknown}
 r - 2 potions of resistance {unknown}
 s - a potion of lignification {unknown}
 u - 2 potions of mutation {unknown}
Comestibles
 f - 4 rations


   Skills:
 - Level 2.8(2.6) Fighting
 * Level 8.3(8.1) Slings
 + Level 4.6(4.4) Dodging
 - Level 1.1(0.9) Stealth
 + Level 1.4(1.2) Shields
 + Level 1.1(0.9) Invocations


You had 5 spell levels left.
You didn't know any spells.
Your spell library was empty.

Dungeon Overview and Level Annotations

Branches:
Dungeon (5/15)              Sewer (visited)
 Temple: D:4-7

Altars:
Elyvilon
Nemelex Xobeh
Yredelemnul


Innate Abilities, Weirdness & Mutations

You are small and have problems with some larger weapons.
You are somewhat resistant to further mutation.


Message History

The puff of flame hits you!
* * * LOW HITPOINT WARNING * * *
You miss something.
You feel less confused. Something hits you but does no damage.
You hear some strange, mumbled words.
You are confused.
You bump into the rock wall.
Something barely misses you.
You bump into the rock wall.
Something hits you but does no damage.
You barely miss something.
You hear some strange, mumbled words.
A magic dart appears from out of thin air!
The magic dart hits you.
* * * LOW HITPOINT WARNING * * *
You bump into the rock wall.
You hear some strange, mumbled words.
A puff of flame appears from out of thin air!
The puff of flame hits you!
You die...
Your body disappears without a glow.

#.# #.# #.# #.#
###########.###
#@{...........
#########(##.(.####[###(##
#........((....((.........
#.######.###+###.##.#.#.##
#.######.# #.# #.##.#.#
#.....##.###.###.##.#o#
#.....##.###_..'.##(#o#
##........###.###{##o#{.
#......#..# #.# #o##o###


There were no monsters in sight!

Vanquished Creatures
  A wight (D:5)
  A bullfrog skeleton (D:4)
  A worker ant (D:4)
  8 adders
  4 oozes
  An adder zombie (D:5)
  5 worms (Sewer)
  2 dart slugs (D:1)
  2 leopard geckos
  3 orcs
  2 ball pythons
  10 bats
  7 giant cockroaches
  3 goblins (D:2)
  4 hobgoblins
  7 jackals
  2 kobolds (D:1)
  3 quokkas (D:2)
  3 frilled lizards
  4 rats (D:1)
73 creatures vanquished.

Vanquished Creatures (collateral kills)
  A phantom (D:5)
  A worker ant (D:5)
2 creatures vanquished.

Grand Total: 75 creatures vanquished

Notes
Turn   | Place    | Note
-------+----------+-------------------------------------------
     0 | D:1      | Kohma the Halfling Hunter began the quest for the Orb.
     0 | D:1      | Reached XP level 1. HP: 14/14 MP: 1/1
    97 | D:1      | Reached skill level 6 in Slings
   116 | D:1      | Reached XP level 2. HP: 19/19 MP: 2/2
   317 | D:1      | Reached XP level 3. HP: 24/24 MP: 3/3
   984 | D:2      | Reached XP level 4. HP: 17/29 MP: 4/4
  1337 | D:2      | Found a white marble altar of Elyvilon.
  1688 | D:2      | Found a sparkling altar of Nemelex Xobeh.
  2072 | D:2      | Became a worshipper of Nemelex Xobeh the Trickster
  2270 | D:3      | Received a gift from Nemelex Xobeh
  2329 | D:3      | Reached skill level 7 in Slings
  2401 | D:3      | You fall into a shaft and drop 2 floors!
  2401 | D:5      | Entered Level 5 of the Dungeon
  2487 | D:5      | Reached XP level 5. HP: 23/35 MP: 5/5
  2701 | D:5      | Found a glowing drain.
  2726 | Sewer    | Entered a sewer
  3183 | Sewer    | Received a gift from Nemelex Xobeh
  3732 | D:4      | Found a basalt altar of Yredelemnul.
  3924 | D:4      | Reached XP level 6. HP: 38/41 MP: 6/6
  4101 | D:4      | Reached * piety under Nemelex Xobeh
  4234 | D:5      | Reached skill level 8 in Slings
  4234 | D:5      | Reached skill level 1 in Shields
  4330 | D:5      | Noticed a phantom
  4357 | D:5      | Killed a phantom
  4357 | D:5      | Reached skill level 1 in Invocations
  4541 | D:4      | Killed from afar by an orc wizard

Levels and vault maps discovered:
D:1:      roderic_chinese_lattice_arrival, layout_rooms
D:2:      layout_basic, marbit_many_paths, first_ration, elyvilon_altar_3
D:3:      layout_basic
D:4:      layout_basic, lemuel_doored_altar, makhleb_heckhound_becter,
          uniq_grinder, uniq_ijyb
D:5:      layout_basic, portal_sewer_entry_d

Skill      XL: |  1  2  3  4  5  6 |
---------------+-------------------+-----
Slings         | 6 7 8 |  8.3
Fighting       | 2 |  2.8
Dodging        | 3 4 |  4.6
Shields        | 1 |  1.4
Invocations    | 1 |  1.1
Stealth        | |  1.1

Action                   |  1- 3 |  4- 6 || total
-------------------------+-------+-------++-------
Melee: Short sword       |       |    20 ||    20
 Fire: Hunting sling     |   111 |   243 ||   354
 Abil: Draw Escape       |       |     1 ||     1
       Draw Destruction  |       |     2 ||     2
       Draw Summoning    |       |     1 ||     1
  Use: Scroll            |       |    11 ||    11
       Potion            |       |     2 ||     2
  Eat: Chunk             |       |    10 ||    10
Armor: Leather armour    |     9 |       ||     9
       Ring mail         |       |    50 ||    50
Dodge: Dodged            |    49 |    99 ||   148
Block: Buckler           |       |     9 ||     9

Table legend:
 A = Non-vault XP
 B = Vault XP
 C = Vault XP percentage of total XP
 D = Non-vault monster count
 E = Vault monster count
 F = Vault count percentage of total count
                 A         B        C        D         E       F
            +---------+---------+-------+---------+---------+-------
      Total |     397 |     102 |  20.4 |      48 |      27 |  36.0
            +---------+---------+-------+---------+---------+-------
        D:1 |      34 |       0 |   0.0 |      17 |       0 |   0.0
        D:2 |      61 |      14 |  18.7 |      15 |       1 |   6.2
        D:3 |      29 |       0 |   0.0 |       6 |       0 |   0.0
        D:4 |      92 |       0 |   0.0 |       5 |       0 |   0.0
        D:5 |     181 |      13 |   6.7 |       5 |       1 |  16.7
      Sewer |       0 |      75 | 100.0 |       0 |      25 | 100.0
            +---------+---------+-------+---------+---------+-------
